 Dungeon Crawl Stone Soup version 0.18-a0-1797-gc18daef (webtiles) character file.

676 nono the Cutter (level 7, 0/45 HPs)
             Began as a Halfling Fighter on Apr 22, 2016.
             Killed by nerve-wracking pain
             ... invoked by a shadow imp
              (14 damage)
             ... on level 5 of the Dungeon.
             The game lasted 00:12:49 (3523 turns).

nono the Cutter (Halfling Fighter)                  Turns: 3523, Time: 00:12:50

Health: 0/45       AC: 11    Str: 16    XL:     7   Next: 91%
Magic:  7/7        EV: 10    Int:  7    God:
Gold:   283        SH: 11    Dex: 20    Spells: 0 memorised, 6 levels left

rFire  . . .     SeeInvis .     a - +0 rapier
rCold  . . .     Gourm    .     v - +0 chain mail
rNeg   . . .     Faith    .     c - +0 shield
rPois  .         Spirit   .     r - +0 helmet
rElec  .         Dismiss  .     (no cloak)
rCorr  .         Reflect  .     (no gloves)
SustAt .         Harm     .     (no boots)
MR     +....                    (no amulet)
Stlth  ..........               D - ring of protection from magic
                                y - +4 ring of dexterity

@: somewhat resistant to hostile enchantments, extremely unstealthy
A: mutation resistance 1
a: no special abilities


You were on level 5 of the Dungeon.
You were near starving.

You visited 1 branch of the dungeon, and saw 6 of its levels.

You collected 283 gold pieces.

Inventory:

Hand Weapons
 a - a +0 rapier (weapon)
Armour
 b - a +0 scale mail
 c - a +0 shield (worn)
 r - a +0 helmet (worn)
 v - a +0 chain mail (worn)
 x - a +0 plate armour
 B - a +1 leather armour of cold resistance
Jewellery
 y - a +4 ring of dexterity (left hand)
 C - a +2 ring of intelligence
 D - a ring of protection from magic (right hand)
Wands
 E - a wand of lightning (11/15)
Scrolls
 e - a scroll of recharging {unknown}
 h - a scroll of enchant armour {unknown}
 j - 2 scrolls of random uselessness {unknown}
 k - 2 scrolls of identify
 m - 2 scrolls of magic mapping {unknown}
 p - a scroll of fog {unknown}
 u - a scroll of blinking {unknown}
 w - a scroll of amnesia {unknown}
 A - 3 scrolls of enchant weapon {unknown}
 F - a scroll of remove curse {unknown}
Potions
 d - a potion of might
 g - a potion of mutation {unknown}
 i - a potion of resistance {unknown}
 o - a potion of curing
 q - a potion of cancellation {unknown}
 t - a potion of agility {unknown}
Comestibles
 f - 4 bread rations
 l - 5 fruits
 n - 2 meat rations
 s - a slice of pizza
 z - a beef jerky


   Skills:
 - Level 2.6 Fighting
 - Level 5.7 Short Blades
 - Level 5.2 Armour
 + Level 4.7 Dodging
 - Level 5.3 Shields


You had 6 spell levels left.
You didn't know any spells.

Dungeon Overview and Level Annotations

Branches:
Dungeon (6/15)
 Temple: D:4-7

Altars:
Gozag
Trog
Zin

Annotations:
D:5 Sl000nik's ghost, novice GrFi
D:6 Grinder


Innate Abilities, Weirdness & Mutations

You are small and have problems with some larger weapons.
You are somewhat resistant to further mutation.


Message History

You are too injured to fight recklessly!
You are too injured to fight recklessly!
You are too injured to fight recklessly!
You are too injured to fight recklessly!
You are too injured to fight recklessly!
You are too injured to fight recklessly!
You are too injured to fight recklessly!
You are too injured to fight recklessly!
Press: ? - help, v - describe, . - travel The floor.
Sl000nik's ghost sneers, "Do you call that fighting?"
The crimson imp blinks!
Found a stone staircase leading up.
Sl000nik's ghost boasts, "I have defeated monsters you have never seen."
Drink which item? (? for menu, Esc to quit)
You feel better.
Sl000nik's ghost hits you but does no damage.
The shadow imp gestures at you. Pain shoots through your body!
You die...

##.....## ##.......##
###...5##...#######
#.....####5........
###.....#_≈#..####..#
#.....5.#.##.###...5.
#.......#.'..5..5....
#...W...#.######.###.
##..@.###_§# #.# #.
#....# #### #.# #.
#.#<.# #.# .. #.##.#
... ..
###########.##.# #.#
..
#(..........##.##>#
#.#
.#.......#.......# #
#.#####....#.####.
#..#........


You could see Sl000nik's ghost, a crimson imp and a shadow imp.

Vanquished Creatures
  A phantom (D:5)
  A centaur (D:5)
  2 crimson imps (D:5)
  A hound (D:3)
  2 orc priests
  An orc wizard (D:4)
  Terence (D:2)
  5 worker ants
  A hound skeleton (D:5)
  A worker ant zombie (D:5)
  5 adders
  3 dart slugs
  3 worms
  2 giant geckos
  15 orcs
  2 giant cockroaches
  4 goblins
  10 hobgoblins
  8 jackals
  8 kobolds
  A ball python (D:2)
  7 bats
  A giant cockroach zombie (D:5)
  2 giant newts
  A jackal skeleton (D:4)
  7 rats
95 creatures vanquished.

Notes
Turn   | Place    | Note
--------------------------------------------------------------
     0 | D:1      | nono the Halfling Fighter began the quest for the Orb.
     0 | D:1      | Reached XP level 1. HP: 15/15 MP: 1/1
   133 | D:1      | Reached XP level 2. HP: 20/20 MP: 2/2
   310 | D:1      | Reached XP level 3. HP: 21/25 MP: 3/3
   683 | D:2      | Reached XP level 4. HP: 21/30 MP: 4/4
   939 | D:2      | Noticed Terence
   972 | D:2      | Killed Terence
   972 | D:2      | Reached XP level 5. HP: 28/35 MP: 5/5
  1315 | D:3      | Found an opulent altar of Gozag.
  1395 | D:3      | Reached XP level 6. HP: 38/41 MP: 6/6
  1881 | D:4      | Noticed an ice beast
  1988 | D:4      | Reached skill level 5 in Short Blades
  1988 | D:4      | Reached skill level 5 in Shields
  2071 | D:4      | Reached skill level 5 in Armour
  2428 | D:4      | Reached XP level 7. HP: 32/45 MP: 7/7
  2760 | D:5      | Entered Level 5 of the Dungeon
  3013 | D:6      | Noticed Grinder
  3057 | D:5      | Reached skill level 1 in Dodging
  3448 | D:5      | Found a bloodstained altar of Trog.
  3448 | D:5      | Found a glowing silver altar of Zin.
  3481 | D:5      | Noticed Sl000nik's ghost (novice GrFi)
  3523 | D:5      | Killed from afar by a shadow imp

Vault maps used:
D:1:      nicolae_arrival_somewhat_less_tricky_arrival,
          minmay_misc_feat_secret_circle, solitary_fountain
D:2:      uniq_terence
D:3:      grunt_gozag_breadcrumbs
D:4:      old_forge, first_bread, uniq_natasha, uniq_crazy_yiuf_cottage,
          uniq_eustachio
D:5:      gammafunk_temple_overflow_elements
D:6:      nicolae_overflow_hidden_temple, temple_statues, cheibriados_altar_1,
          uniq_grinder

Skill      XL: |  1  2  3  4  5  6  7 |
---------------+----------------------+-----
Short Blades   | 3 4 5 |  5.7
Shields        | 4 5 |  5.3
Armour         | 4 5 |  5.2
Dodging        | 4 |  4.7
Fighting       | |  2.6

Action                   |  1- 3 |  4- 6 |  7- 9 || total
-------------------------+-------+-------+-------++-------
Melee: Rapier            |   122 |   266 |   211 ||   599
  Use: Potion            |       |       |     2 ||     2
       Scroll            |       |       |     1 ||     1
 Stab: Distracted        |       |     1 |       ||     1
  Eat: Chunk             |       |     5 |     1 ||     6
       Fruit             |       |       |     2 ||     2
Armor: Scale mail        |    53 |    46 |       ||    99
       Chain mail        |       |    50 |    93 ||   143
Dodge: Dodged            |    41 |    78 |    39 ||   158
Block: Shield            |    72 |   123 |   129 ||   324
